 Dungeon Crawl Stone Soup version 0.23.1 (webtiles) character file.

Game seed: 13494006170177231355

5982 Borgoz the Skirmisher (level 10, -5/86 HPs)
             Began as a Ghoul Enchanter on Mar 3, 2019.
             Was an Initiate of Ashenzari.
             Slain by a wraith (7 damage)
             ... led by Josephine
             ... on level 9 of the Dungeon.
             The game lasted 00:28:51 (11517 turns).

Borgoz the Skirmisher (Ghoul Enchanter)            Turns: 11517, Time: 00:28:51

Health: -5/86      AC: 10    Str: 17    XL:     10   Next: 85%
Magic:  15/15      EV: 14    Int: 10    God:    Ashenzari [......]
Gold:   213        SH:  0    Dex: 12    Spells: 10/17 levels left

rFire    . . .     SeeInvis +   a - +1 rapier (speed)
rCold    + . .     Gourm    .   (no shield)
rNeg     + + +     Faith    .   r - +1 ring mail of the Moon {SInv} (curse)
rPois    ∞         Spirit   .   (no helmet)
rElec    .         Reflect  .   v - +0 cloak
rCorr    .         Harm     .   i - +0 pair of gloves (curse)
MR       .....                  q - +0 pair of boots
Stlth    +.........             (no amulet)
HPRegen  0.00/turn              f - ring of wizardry (curse)
MPRegen  0.14/turn              A - +4 ring of strength

@: confused, rotting, slowed, very slow
A: rotting body, claws 1, carnivore, cold resistance 1, negative energy
resistance 3, inhibited regeneration, torment resistance, unbreathing
a: Curse Item, Renounce Religion


You were on level 9 of the Dungeon.
You worshipped Ashenzari.
Ashenzari was noncommittal.
You were not hungry.

You visited 2 branches of the dungeon, and saw 11 of its levels.
You also visited: Sewer.

You collected 566 gold pieces.
You spent 353 gold pieces at shops.

Inventory:

Hand Weapons
 a - a +1 rapier of speed (weapon)
 b - a +0 blowgun
 c - a +0 dagger of draining
 K - a +4 dagger
 S - a +2 dagger of protection
Missiles
 p - 44 poisoned needles
 G - a poisoned tomahawk (quivered)
Armour
 e - a +2 robe of fire resistance
 i - a cursed +0 pair of gloves (worn)
 k - a +0 chain mail of cold resistance
 q - a +0 pair of boots (worn)
 r - the cursed +1 ring mail of the Moon (worn) {SInv}
   (You found it on level 4 of the Dungeon)

   It lets you see invisible.
   It has a curse placed upon it.
 v - a +0 cloak (worn)
Jewellery
 f - a cursed ring of wizardry (left hand)
 m - an uncursed ring of flight
 o - an uncursed ring of protection from fire
 s - an uncursed ring of see invisible
 A - a +4 ring of strength (right hand)
 D - an uncursed ring of stealth
 I - an uncursed amulet of guardian spirit
 M - a +3 ring of dexterity
Wands
 H - a wand of flame (42)
Scrolls
 g - a scroll of fog {unknown}
 h - a scroll of amnesia
 t - 2 scrolls of enchant weapon
 u - 2 scrolls of remove curse
 w - a scroll of enchant armour
 y - 2 scrolls of teleportation {unknown}
 F - a scroll of magic mapping {unknown}
 N - a scroll of acquirement {unknown}
 O - a scroll of fear {unknown}
 P - a scroll of torment {unknown}
Potions
 j - 2 potions of agility
 l - 2 potions of brilliance
 x - 6 potions of curing
 B - a potion of magic
 E - 2 potions of cancellation
 J - a potion of mutation {unknown}
 L - a potion of invisibility
 Q - 2 potions of might
Comestibles
 d - 19 rations
 z - 2 chunks of flesh


   Skills:
 + Level 7.2 Fighting
 * Level 6.4 Short Blades
 - Level 3.0 Throwing
 + Level 4.3 Armour
 * Level 6.9 Dodging
 + Level 6.9 Stealth
 - Level 4.0 Spellcasting
 + Level 4.8 Hexes


You had 10 spell levels left.
You knew the following spells:

 Your Spells              Type           Power        Failure   Level  Hunger
a - Corona                Hex            ##.....      2%          1    #......
b - Ensorcelled Hibernat  Hex/Ice        #.....       11%         2    ##.....
c - Confuse               Hex            ##......     8%          3    ###....
d - Confusing Touch       Hex            ##....       2%          1    #......

Your spell library contained the following spells:

 Spells                   Type           Power        Failure   Level  Hunger
 Tukima's Dance           Hex            ##......     8%          3    ###....
 Animate Skeleton         Necr           N/A          17%         1    #......
 Apportation              Tloc           #.....       17%         1    #......
 Summon Small Mammal      Summ           #...         17%         1    #......
 Dazzling Spray           Conj/Hex       #.....       21%         3    ###....


Dungeon Overview and Level Annotations

Branches:
Dungeon (10/15)            Temple (1/1) D:4            Lair (0/6) D:9
    Orc: D:9-12

Altars:
Ashenzari
Cheibriados
Dithmenos
Elyvilon
Fedhas
Gozag
Hepliaklqana
Kikubaaqudgha
Makhleb
Nemelex Xobeh
Okawaru
Qazlal
Ru
Sif Muna
Trog
Uskayaw
Vehumet
Wu Jian
Xom
Yredelemnul
Zin
The Shining One
Beogh

Shops:
D:6 (   D:9 (![

Annotations:
D:9 Josephine


Innate Abilities, Weirdness & Mutations

Your body is rotting away.
You thrive on raw meat.
You are immune to poison.
You have sharp fingernails.
You are carnivorous and can eat meat at any time.
Your flesh is cold resistant. (rC+)
You are immune to negative energy. (rN+++)
You do not regenerate when monsters are visible.
You are immune to unholy pain and torment.
You can survive without breathing.


Message History

The wraith hits you. The wraith drains your vigour!
You feel as though you will be slow longer.
Josephine hits you with a +0 dagger. The wraith closely misses you.
Josephine gestures at you while chanting.
You convulse!
* * * LOW HITPOINT WARNING * * *
The wraith barely misses you. Josephine hits you but does no damage.
You climb upwards.
There is a stone staircase leading down here.
You feel much better. The wraith hits you but does no damage.
Josephine casts a spell at you.
You convulse!
* * * LOW HITPOINT WARNING * * *
You are confused.
You feel invigorated. The wraith misses you.
Josephine hits you with a +0 dagger!
* * * LOW HITPOINT WARNING * * *
The wraith hits you!
You die...

.#≈≈≈≈≈≈≈#...............###.#..#
.##≈≈≈≈≈##.......................
..#######.................#......
.......##........................
........##........######.........
........###....((#...........####
##........##[..###.###....##..###
##...##......#.###[##..##.###....
.....###.......@@W.#..#..........
....##......##..####.##......<...
#......###............#...)......
..#<####..............#.......###
.##.###..(............#>......#
##..##...............?#.......###
##.###..............[)#.........#
#.# #................#..........
#.# #.......∩..#####.....P.P.P.P


You could see Josephine and a wraith.

Vanquished Creatures
  The ghost of robba the Firebug, a novice DrFE of Ru (D:5)
  2 hippogriffs
  Sigmund (D:3)
  3 yaks (D:9)
  A wraith (D:10)
  A hungry ghost (D:8)
  A porcupine (D:9)
  An orc warrior (D:9)
  2 ice beasts
  2 phantoms
  A necrophage (D:9)
  A sky beast (D:5)
  2 black bears (D:9)
  3 ogres
  A centaur (D:8)
  A big kobold (D:8)
  10 bullfrogs
  A wyvern skeleton (D:8)
  3 scorpions
  8 wights
  A centaur zombie (D:7)
  7 howler monkeys
  4 crimson imps
  11 orc priests
  6 orc wizards
  2 bullfrog skeletons
  A centaur skeleton (D:9)
  6 iguanas
  8 worker ants
  Natasha (thrice) (D:3)
  A hound zombie (D:7)
  A hound skeleton (D:5)
  2 worker ant zombies
  3 gnolls (D:6)
  A howler monkey skeleton (D:9)
  12 adders
  A shadow imp (D:8)
  13 oozes
  2 adder skeletons
  2 worms
  4 dart slugs
  10 leopard geckos
  29 orcs
  10 bats
  20 giant cockroaches
  7 goblins
  7 hobgoblins
  3 jackals
  13 kobolds
  6 quokkas
  5 ball pythons
  15 frilled lizards
  A jackal zombie (D:8)
  A leopard gecko skeleton (D:8)
  A leopard gecko zombie (D:5)
  A quokka skeleton (D:4)
  5 rats
271 creatures vanquished.

Notes
Turn   | Place    | Note
-------+----------+-------------------------------------------
     0 | D:1      | Borgoz the Ghoul Enchanter began the quest for the Orb.
     0 | D:1      | Reached XP level 1. HP: 14/14 MP: 2/2
    40 | D:1      | Reached skill level 1 in Short Blades
    47 | D:1      | Reached XP level 2. HP: 18/22 MP: 3/3
   550 | D:1      | Reached XP level 3. HP: 24/26 MP: 4/4
   847 | D:2      | Reached skill level 1 in Fighting
   893 | D:2      | Found a faded altar of an unknown god.
  1058 | D:2      | Found a sparkling altar of Nemelex Xobeh.
  1090 | D:2      | Found an opulent altar of Gozag.
  1092 | D:2      | Found an ornate altar of the Wu Jian Council.
  1092 | D:2      | Found a bloodstained altar of Trog.
  1100 | D:2      | Found a glowing silver altar of Zin.
  1584 | D:3      | Learned a level 2 spell: Ensorcelled Hibernation
  1594 | D:3      | Reached XP level 4. HP: 35/35 MP: 6/6
  1601 | D:3      | Found a glowing drain.
  1740 | D:2      | Reached skill level 1 in Armour
  1740 | D:2      | Reached XP level 5. HP: 7/41 MP: 7/7
  1846 | D:3      | Reached skill level 2 in Fighting
  1846 | D:3      | Reached skill level 1 in Throwing
  1946 | D:3      | Noticed Natasha
  1959 | Sewer    | Entered a sewer
  2027 | Sewer    | Reached XP level 6. HP: 49/49 MP: 8/8
  2421 | Sewer    | Reached skill level 3 in Fighting
  2421 | Sewer    | Reached XP level 7. HP: 15/57 MP: 9/9
  2519 | D:3      | Killed Natasha
  2537 | D:3      | Noticed Natasha
  2551 | D:3      | Killed Natasha
  2633 | D:3      | Noticed Natasha
  2640 | D:3      | Killed Natasha
  2664 | D:3      | Noticed Sigmund
  2691 | D:3      | Killed Sigmund
  3514 | D:4      | Found a blossoming altar of Fedhas.
  3553 | D:4      | Reached XP level 8. HP: 38/66 MP: 9/11
  3805 | D:4      | Reached skill level 4 in Fighting
  4105 | D:4      | Found a staircase to the Ecumenical Temple.
  4198 | Temple   | Entered the Ecumenical Temple
  4552 | D:4      | Got a garnet-studded ring mail
  4563 | D:4      | Identified the cursed +1 ring mail of the Moon {SInv} (You
                  | found it on level 4 of the Dungeon)
  4634 | D:5      | Entered Level 5 of the Dungeon
  4793 | D:5      | Reached skill level 5 in Stealth
  4882 | D:5      | Found a hide-covered altar of Uskayaw.
  5179 | D:5      | Found a runed translucent gate.
  5180 | D:5      | Noticed robba's ghost (novice DrFE)
  5180 | D:5      | Found a runed translucent gate.
  5181 | D:5      | Found a runed translucent gate.
  5187 | D:5      | Found a roughly hewn altar of Beogh.
  5779 | D:6      | Reached XP level 9. HP: 73/73 MP: 12/12
  5831 | D:6      | Reached skill level 5 in Fighting
  6391 | D:5      | Reached skill level 5 in Dodging
  6549 | D:6      | Learned a level 3 spell: Confuse
  6551 | D:6      | Learned a level 1 spell: Confusing Touch
  7129 | D:6      | Found Defalyke's Antique Weapon Shop.
  7188 | D:6      | Bought a glowing rapier for 210 gold pieces
  8284 | D:5      | Killed robba's ghost
  8526 | D:7      | Reached skill level 6 in Fighting
  8526 | D:7      | Reached skill level 5 in Short Blades
  8994 | D:8      | Reached XP level 10. HP: 58/83 MP: 14/14
  9256 | D:8      | Found an ancient bone altar of Kikubaaqudgha.
  9314 | D:8      | Found a shattered altar of Ashenzari.
  9314 | D:8      | Found a snail-covered altar of Cheibriados.
  9549 | D:8      | Became a worshipper of Ashenzari the Shackled
  9912 | D:9      | Found a staircase to the Lair.
  9953 | D:9      | Found Diam Omo's Weapon Shoppe.
 10022 | D:9      | Found Saebbur's Armour Shoppe.
 10038 | D:9      | Found Cohoiq's Distillery.
 10041 | D:9      | Bought a potion of might for 44 gold pieces
 10041 | D:9      | Bought a potion of might for 44 gold pieces
 10041 | D:9      | Bought a potion of heal wounds for 55 gold pieces
 10364 | D:9      | Found an iron altar of Okawaru.
 10405 | D:9      | Reached skill level 7 in Fighting
 10757 | D:9      | Found a deep blue altar of Sif Muna.
 10846 | D:10     | Entered Level 10 of the Dungeon
 11229 | D:10     | Noticed Josephine
 11517 | D:9      | HP: 2/86 [Josephine/+0 dagger (9)]
 11517 | D:9      | Slain by a wraith

Skill      XL: |  1  2  3  4  5  6  7  8  9 10 |
---------------+-------------------------------+-----
Short Blades   | 1 2 3 4 5 6 |  6.4
Dodging        | 2 3 4 5 6 |  6.9
Fighting       | 1 2 3 4 6 7 |  7.2
Spellcasting   | 2 3 4 |  4.0
Armour         | 1 2 3 4 |  4.3
Throwing       | 1 2 3 |  3.0
Stealth        | 4 5 6 |  6.9
Hexes          | 3 4 |  4.8

Action                   |  1- 3 |  4- 6 |  7- 9 | 10-12 || total
-------------------------+-------+-------+-------+-------++-------
Melee: Dagger            |   169 |   398 |   769 |       ||  1336
       Rapier            |       |       |   252 |   375 ||   627
Throw: Throwing net      |       |       |     2 |     2 ||     4
       Tomahawk          |       |       |     2 |     1 ||     3
 Cast: Ensorcelled Hiber |       |     5 |    10 |     5 ||    20
       Corona            |       |       |    11 |       ||    11
       Confusing Touch   |       |       |     6 |     4 ||    10
       Confuse           |       |       |     1 |       ||     1
Invok: Curse Item        |       |       |       |     2 ||     2
  Use: Scroll            |     7 |       |     6 |       ||    13
       Potion            |       |     1 |     8 |     2 ||    11
 Stab: Sleeping          |     1 |     5 |    14 |     6 ||    26
       Confused          |       |       |     6 |     2 ||     8
  Eat: Chunk             |     9 |    25 |    64 |    19 ||   117
Armor: Robe              |     3 |       |       |       ||     3
       Leather armour    |    12 |       |       |       ||    12
       Ring mail         |    40 |   190 |   339 |    99 ||   668
Dodge: Dodged            |    77 |   225 |   562 |   199 ||  1063
